 Dungeon Crawl Stone Soup version 0.18.1-48-g4cf74bf (console) character file.

249329 Kloppie the Phalangite (level 19, -7/181 HPs)
             Began as a Minotaur Berserker on June 26, 2016.
             Was an Elder of Trog.
             Drowned by a water nymph (12 damage)
             ... on level 3 of the Shoals.
             The game lasted 01:22:48 (36933 turns).

Kloppie the Phalangite (Minotaur Berserker)        Turns: 36933, Time: 01:22:49

Health: -7/181     AC: 35    Str: 28    XL:     19   Next: 27%
Magic:  37/37      EV: 17    Int:  7    God:    Trog [****..]
Gold:   2741       SH:  2    Dex: 20    Spells: 0 memorised, 18 levels left

rFire  . . .     SeeInvis .     a - +5 glaive (freeze)
rCold  + . .     Gourm    .     K - +2 plate armour {rPois}
rNeg   + + .     Faith    .     (shield currently unavailable)
rPois  +         Spirit   .     R - +2 hat
rElec  .         Dismiss  .     S - +0 cloak
rCorr  +         Reflect  +     I - +0 pair of gloves of Incorporation {rC+ rN+ Dex+2}
SustAt .         Harm     .     u - +2 pair of boots
MR     ++...                    D - +2 amulet of reflection
Stlth  ..........               N - ring "Ybruv" {rN+ MP+9 Int+3 Stlth-}
                                s - ring of resist corrosion

@: very resistant to hostile enchantments, extremely unstealthy
A: retaliatory headbutt, fangs 1, horns 2, iridescent scales 1, molten scales 1,
thin metallic scales 1, agile 1, blink, magic resistance 1, screaming 1, strong
2, subdued magic 2
a: Blink, Berserk, Trog's Hand, Brothers in Arms, Burn Spellbooks, Renounce
Religion
}: 1/15 runes: gossamer


You were on level 3 of the Shoals.
You worshipped Trog.
Trog was greatly pleased with you.
You were not hungry.

You visited 5 branches of the dungeon, and saw 33 of its levels.
You visited the Abyss 1 time.
You also visited: Labyrinth, Bailey and Ice Cave.

You collected 2988 gold pieces.
You spent 247 gold pieces at shops.

Inventory:

Hand Weapons
 a - a +5 glaive of freezing (weapon)
 b - a +4 trident of flaming
 W - a +3 antimagic bardiche
Armour
 u - a +2 pair of boots (worn)
 I - the +0 pair of gloves of Incorporation (worn) {rC+ rN+ Dex+2}
   (You bought it in a shop on level 8 of the Dungeon)

   It affects your dexterity (+2).
   It protects you from cold.
   It protects you from negative energy.
 K - a +2 plate armour of poison resistance (worn)
 P - a +1 plate armour of magic resistance
 R - a +2 hat (worn)
 S - a +0 cloak (worn)
Jewellery
 h - an uncursed amulet of the gourmand
 q - an uncursed ring of see invisible
 s - a ring of resist corrosion (left hand)
 w - an uncursed ring of protection from magic
 D - a +2 amulet of reflection (around neck)
 N - the ring "Ybruv" (right hand) {rN+ MP+9 Int+3 Stlth-}
   (You found it in a labyrinth)

   [ring of loudness]

   It affects your intelligence (+3).
   It protects you from negative energy.
   It affects your magic capacity (+9).
   It makes you less stealthy.
 O - an uncursed ring of protection from cold
Wands
 d - a wand of disintegration (5/24)
 e - a wand of digging (11/24)
 z - a wand of teleportation (1/9)
 B - a wand of teleportation (5/9)
 F - a wand of lightning (7/15)
 H - a wand of flame (13/48)
 L - a wand of digging (3/24)
 Q - a wand of heal wounds (0/9)
Scrolls
 g - 5 scrolls of recharging
 i - 9 scrolls of remove curse
 k - 3 scrolls of enchant weapon
 l - 6 scrolls of enchant armour
 o - a scroll of magic mapping
 y - 3 scrolls of blinking
 T - a scroll of holy word
 U - 9 scrolls of identify
 X - a scroll of brand weapon
Potions
 f - 4 potions of curing
 m - a potion of agility
 n - 3 potions of flight
 p - 2 potions of might
 r - 5 potions of cancellation
 A - 6 potions of haste
 G - 6 potions of resistance
 J - 2 potions of invisibility
Comestibles
 c - 27 bread rations
 j - 6 meat rations
 t - 2 royal jellies
 v - 5 slices of pizza
 x - 13 beef jerkies


   Skills:
 - Level 18.6 Fighting
 + Level 21.7 Polearms
 + Level 15.6 Armour
 - Level 12.6 Dodging
 - Level 14.5 Evocations


You had 18 spell levels left.
You didn't know any spells.

Dungeon Overview and Level Annotations

Branches:
Dungeon (15/15)            Temple (0/1) D:4            Lair (8/8) D:11
 Shoals (4/4) Lair:4       Spider (4/4) Lair:4          Orc (2/2) D:11
    Elf (0/3) Orc:2        Vaults (0/5) D:13
  Slime: Lair:6-8    Depths: D:15

Altars:
Cheibriados
Gozag
Nemelex Xobeh
Okawaru
Vehumet
Xom
Beogh

Shops:
D:8 [   D:12 !   Orc:1 *   Orc:2 [*}(   Shoals:3 %

Annotations:
D:15 exclusion: Roxanne, Roxanne
Lair:6 exclusion: oklob plant
Shoals:4 Ilsuiw


Innate Abilities, Weirdness & Mutations

You reflexively headbutt those who attack you in melee.
You have a pair of horns on your head.
You have very sharp teeth.
You are partially covered in iridescent scales (AC +4).
You are partially covered in molten scales (AC +1).
You are partially covered in thin metallic scales (AC +2).
You are agile. (Dex +2)
You can translocate small distances at will.
You are resistant to hostile enchantments.
You occasionally shout uncontrollably at your foes.
Your muscles are very strong. (Str +4)
Your spells are easier to cast, but less powerful.


Message History

The water nymph touches you. The water nymph drowns you!
* * * LOW HITPOINT WARNING * * *
Your unstable footing causes you to fumble your attack.
The water nymph misses you.
You barely miss the water nymph. Your headbutt misses the water nymph.
The water nymph is moderately wounded.
You miss the water nymph. Your headbutt misses the water nymph.
The water nymph is moderately wounded.
The water nymph closely misses you. You furiously retaliate!
You headbutt the water nymph. You barely miss the water nymph.
You headbutt the water nymph!
The water nymph is severely wounded.
The water nymph touches you. The water nymph drowns you!
* * * LOW HITPOINT WARNING * * *
You closely miss the water nymph. Your headbutt misses the water nymph.
Your bite misses the water nymph.
The water nymph is severely wounded.
Your unstable footing causes you to fumble your attack.
The water nymph touches you. The water nymph drowns you!
You die...

≈≈≈≈≈≈ ≈≈≈≈≈≈
≈≈≈≈≈≈≈≈≈≈≈≈≈≈≈≈≈ ≈≈≈≈≈≈
≈≈≈≈≈≈≈≈≈≈≈≈≈≈≈≈≈
≈≈≈≈≈≈≈≈≈.≈≈≈≈≈≈≈≈≈≈≈≈≈≈
..≈≈ ≈≈ ...≈≈≈≈≈≈≈≈≈≈≈≈≈
.. ≈≈≈≈ #..............
# ..≈≈≈≈###......≈.....∩
##..≈≈≈≈(.≈≈...≈m≈..♣
(...≈≈.≈≈.≈≈?.)≈@†♣
$...≈≈≈≈≈≈≈≈........♣
(≈..≈≈≈≈≈≈≈≈≈...........
.≈≈≈≈≈≈≈≈≈≈≈≈≈.........P
≈≈≈≈≈≈≈≈≈≈≈≈≈≈..........
≈≈≈≈≈≈≈≈≈≈≈≈≈..≈........
≈≈≈≈≈≈≈≈≈≈≈≈≈≈≈≈≈.......
....≈≈≈≈≈≈≈≈≈≈≈≈≈≈.....P
....≈≈≈


You could see a water nymph.

Vanquished Creatures
  Arachne (Spider:4)
  Asterion (Spider:2)
  A tentacled starspawn (Abyss:2)
  A kraken (Shoals:2)
  Agnes (Spider:2)
  Kirke (Lair:7)
  A frost giant (IceCv)
  An orc warlord (Bailey)
  5 ghost moths
  9 emperor scorpions
  A balrug (Abyss:2)
  Azrael (Spider:2)
  A dire elephant (Lair:8)
  2 spark wasps
  8 vault guards (D:13)
  Snorg (Lair:8)
  A merfolk impaler (Shoals:4)
  A minotaur (Lab)
  The ghost of trantor the Grappler, a journeyman TrWr of Okawaru (Lair:1)
  Fannar (Orc:1)
  Harold (Lair:2)
  5 hydras
  4 entropy weavers
  2 centaur warriors
  3 merfolk aquamancers
  The ghost of letownia the Grappler, a novice TrWz of Cheibriados (Bailey)
  2 merfolk avatars (Shoals:4)
  A catoblepas (Lair:8)
  2 death knights (D:14)
  2 satyrs (Shoals:3)
  A deep troll shaman (Lair:8)
  A thrashing horror (Abyss:2)
  The ghost of Kisielow the Martial Artist, a novice MfTm of Makhleb (Bailey)
  18 death yaks
  A tengu warrior (D:13)
  Sonja (D:12)
  4 skeletal warriors
  4 sea snakes
  An unseen horror (D:11)
  8 orc knights (Orc:2)
  6 lindwurms
  26 orb spiders
  2 phantasmal warriors (D:14)
  36 wolf spiders
  3 hill giants
  2 orc sorcerers (Orc:2)
  A griffon (Shoals:3)
  9 ugly things
  4 manticores
  8 fauns
  3 deep elf magi
  2 cyclopes
  3 moths of wrath
  4 hornets
  3 sirens
  4 black mambas
  3 torpor snails
  An ice statue (IceCv)
  A water nymph (Shoals:4)
  6 elephants
  17 spiny frogs
  2 freezing wraiths
  An ancient zyme (Abyss:2)
  2 efreet
  9 komodo dragons
  4 yaktaurs (D:11)
  19 demonic crawlers
  3 rime drakes
  8 trolls
  6 merfolk
  10 polar bears
  A tengu conjurer (D:14)
  42 jumping spiders
  3 wind drakes
  The ghost of Caphalor the Slasher, an amateur DsCK of Xom (D:4)
  4 slime creatures (D:12)
  A two-headed ogre (D:8)
  12 blink frogs
  5 snapping turtles
  111 redbacks
  3 water elementals
  Sigmund (D:2)
  3 shadows
  2 starcursed masses (Abyss:2)
  4 wraiths
  39 tarantellas
  4 basilisks
  2 fire elementals (Spider:2)
  2 humans (D:9)
  83 yaks
  2 vampires
  3 wyverns
  7 hippogriffs
  7 hungry ghosts
  2 vampire mosquitoes (D:14)
  2 hogs (Lair:6)
  7 wargs (Orc:2)
  4 mottled dragons
  19 water moccasins
  Edmund (D:6)
  15 porcupines
  3 hell hounds (Spider:2)
  6 sky beasts
  47 orc warriors
  4 ice beasts
  2 small abominations (Abyss:2)
  3 black bears
  An eye of draining (D:14)
  2 wasps
  A necrophage (D:10)
  39 wolves
  10 ogres
  12 centaurs
  13 crocodiles
  2 big kobolds
  The ghost of Caphalor the Gusty, an amateur TeAE (D:3)
  Blork the orc (D:5)
  19 giant frogs
  An earth elemental (Lab)
  A gnoll sergeant (D:5)
  A wyvern zombie (D:13)
  A water moccasin skeleton (D:9)
  A scorpion (D:12)
  7 wights
  8 killer bees
  An electric eel (Spider:4)
  A howler monkey (D:8)
  5 crimson imps
  A giant frog zombie (D:11)
  A centaur zombie (D:9)
  8 jellies
  19 orc priests
  17 orc wizards
  2 quasits
  2 giant frog skeletons
  10 centaur skeletons
  7 hounds
  Jessica (D:2)
  6 hell rats (Lair:7)
  9 iguanas
  Natasha (D:4)
  7 worker ants
  Terence (D:2)
  14 sheep
  17 gnolls
  51 river rats
  7 adders
  4 shadow imps
  12 white imps (D:11)
  An ooze (D:6)
  An adder skeleton (D:4)
  2 worms
  A dart slug (D:1)
  5 giant geckos
  94 orcs
  5 giant cockroaches
  27 goblins
  20 hobgoblins
  8 jackals
  5 quokkas
  5 bats
  A giant cockroach zombie (D:6)
  2 giant newts (D:1)
  20 kobolds
  11 rats
  3 plants
  4 tentacles (Shoals:2)
1308 creatures vanquished.

Vanquished Creatures (collateral kills)
  A merfolk aquamancer (Shoals:4)
  A merfolk avatar (Shoals:3)
  An orc high priest (Orc:2)
  3 orc knights (Bailey)
  A griffon (Shoals:3)
  A siren (Shoals:3)
  5 elephants (Lair:7)
  A water nymph (Shoals:3)
  A komodo dragon (Lair:7)
  4 merfolk
  3 slime creatures (D:14)
  A polar bear (IceCv)
  A snapping turtle (Shoals:3)
  A yak (Lair:2)
  A vampire mosquito (D:14)
  11 orc warriors
  An orc wizard (Orc:2)
  3 orc priests (Orc:2)
  2 gnolls (Bailey)
  11 orcs (Orc:2)
  A goblin (Bailey)
  3 hobgoblins (Bailey)
  2 fungi (Lair:2)
  A plant (Lair:2)
61 creatures vanquished.

Vanquished Creatures (others)
  An orb spider (Spider:1)
  A griffon (Shoals:4)
  The ghost of loom the Destroyer, a novice DECj of Vehumet (D:6)
  3 polar bears (IceCv)
  2 yaks (IceCv)
  2 humans (Lair:7)
  2 wolves
  2 fulminant prisms (D:6)
  11 fungi
  22 plants
  2 starspawn tentacles (Abyss:2)
  3 starspawn tentacle segments (Abyss:2)
  3 tentacles (Shoals:2)
  260 tentacle segments (Shoals:2)
315 creatures vanquished.

Grand Total: 1684 creatures vanquished

Notes
Turn   | Place    | Note
--------------------------------------------------------------
     0 | D:1      | Kloppie the Minotaur Berserker began the quest for the Orb.
     0 | D:1      | Reached XP level 1. HP: 19/19 MP: 0/0
   124 | D:1      | Reached XP level 2. HP: 27/27 MP: 1/1
   306 | D:1      | Reached skill level 4 in Polearms
   449 | D:1      | Reached ** piety under Trog
   473 | D:2      | Noticed Terence
   481 | D:2      | Killed Terence
   481 | D:2      | Reached XP level 3. HP: 30/34 MP: 2/2
   515 | D:2      | Found a radiant altar of Vehumet.
   738 | D:2      | Found a snail-covered altar of Cheibriados.
   786 | D:2      | Noticed Sigmund
   800 | D:2      | Killed Sigmund
   800 | D:2      | Reached skill level 5 in Fighting
   800 | D:2      | Reached skill level 5 in Polearms
   800 | D:2      | Reached XP level 4. HP: 35/42 MP: 0/3
   800 | D:2      | Reached XP level 5. HP: 40/48 MP: 0/4
   968 | D:2      | Noticed Jessica
   975 | D:2      | Killed Jessica
  1181 | D:3      | Noticed Caphalor's ghost (amateur TeAE)
  1325 | D:3      | Killed Caphalor's ghost
  1325 | D:3      | Reached XP level 6. HP: 56/57 MP: 5/5
  1425 | D:3      | You fall through a shaft for 3 floors!
  1440 | D:6      | Reached skill level 6 in Polearms
  1440 | D:6      | Reached skill level 5 in Armour
  1497 | D:6      | Noticed a sky beast
  1513 | D:6      | Killed a sky beast
  1513 | D:6      | Reached XP level 7. HP: 54/64 MP: 6/6
  1542 | D:6      | Noticed loom's ghost (novice DECj)
  1559 | D:6      | Killed loom's ghost
  1754 | D:6      | Reached skill level 7 in Polearms
  1791 | D:6      | Noticed Edmund
  1809 | D:6      | Killed Edmund
  1935 | D:5      | Entered Level 5 of the Dungeon
  2207 | D:5      | Reached *** piety under Trog
  2207 | D:5      | Reached XP level 8. HP: 72/73 MP: 7/7
  2360 | D:4      | Noticed Caphalor's ghost (amateur DsCK)
  2380 | D:4      | Killed Caphalor's ghost
  2380 | D:4      | Reached skill level 8 in Polearms
  3219 | D:4      | Found a staircase to the Ecumenical Temple.
  3246 | D:4      | Noticed Natasha
  3256 | D:4      | Killed Natasha
  3956 | D:5      | Noticed Blork the orc
  3963 | D:5      | Killed Blork the orc
  3996 | D:5      | Reached **** piety under Trog
  4714 | D:7      | Reached skill level 9 in Polearms
  4714 | D:7      | Reached XP level 9. HP: 81/82 MP: 8/8
  5418 | D:8      | Found an opulent altar of Gozag.
  5428 | D:8      | Found Mourot's Antique Armour Emporium.
  5447 | D:8      | Bought a pair of pitted gloves for 247 gold pieces
  5452 | D:8      | Identified the +0 pair of gloves of Incorporation {rC+ rN+ Dex+2} (You bought it in a shop on level 8 of the Dungeon)
  5483 | D:8      | Reached ***** piety under Trog
  5785 | D:8      | Reached skill level 10 in Fighting
  5785 | D:8      | Reached skill level 10 in Polearms
  5822 | D:8      | Reached skill level 10 in Armour
  6369 | D:9      | Reached XP level 10. HP: 79/94 MP: 9/9
  6612 | D:9      | Found an iron altar of Okawaru.
  6771 | D:10     | Entered Level 10 of the Dungeon
  6773 | D:10     | Found a flagged portal.
  6956 | Bailey   | Entered a bailey
  6965 | Bailey   | Noticed Kisielow's ghost (novice MfTm)
  6985 | Bailey   | Killed Kisielow's ghost
  6985 | Bailey   | Reached skill level 11 in Polearms
  7224 | Bailey   | Noticed an orc knight
  7227 | Bailey   | Noticed an orc knight
  7241 | Bailey   | Killed an orc knight
  7254 | Bailey   | Killed an orc knight
  7430 | Bailey   | Noticed letownia's ghost (novice TrWz)
  7457 | Bailey   | Noticed an orc knight
  7477 | Bailey   | Killed letownia's ghost
  7492 | Bailey   | Killed an orc knight
  7500 | Bailey   | Noticed an orc warlord
  7505 | Bailey   | Reached XP level 11. HP: 69/104 MP: 10/10
  7527 | Bailey   | Killed an orc warlord
  7527 | Bailey   | Reached skill level 12 in Polearms
  7695 | Bailey   | Identified the Volume of Frigorific Air
  8164 | D:10     | Got a pitted longbow
  8566 | D:11     | Found a frozen archway.
  8593 | IceCv    | Entered an ice cave
  8611 | IceCv    | Received a gift from Trog
  9159 | IceCv    | Reached skill level 13 in Polearms
  9555 | IceCv    | Noticed a frost giant
  9555 | IceCv    | Noticed a death yak
  9575 | IceCv    | Killed a death yak
  9577 | IceCv    | Reached XP level 12. HP: 107/115 MP: 11/11
  9599 | IceCv    | Killed a frost giant
  9855 | IceCv    | Identified Secret Knowledge Continued
  9939 | D:11     | Found a staircase to the Orcish Mines.
 10055 | D:11     | Found a staircase to the Lair.
 10086 | D:11     | Reached skill level 14 in Polearms
 10457 | D:11     | Found a roughly hewn altar of Beogh.
 10741 | Lair:1   | Entered Level 1 of the Lair of Beasts
 10741 | Lair:1   | Noticed trantor's ghost (journeyman TrWr)
 10756 | Lair:1   | Killed trantor's ghost
 10795 | Lair:1   | Gained mutation: You are partially covered in iridescent scales (AC +4). [potion of mutation]
 10795 | Lair:1   | Gained mutation: Your spells are a little easier to cast, but a little less powerful. [potion of mutation]
 10795 | Lair:1   | Gained mutation: You are partially covered in molten scales (AC +1). [potion of mutation]
 10796 | Lair:1   | Gained mutation: Your movements are slightly less encumbered by armour (ER -2). [potion of mutation]
 10796 | Lair:1   | Gained mutation: You are frail (-10% HP). [potion of mutation]
 10796 | Lair:1   | Gained mutation: You are occasionally teleported next to monsters. [potion of mutation]
 10797 | Lair:1   | Lost mutation: You are frail (-10% HP). [potion of cure mutation]
 10797 | Lair:1   | Lost mutation: Your movements are slightly less encumbered by armour (ER -2). [potion of cure mutation]
 10798 | Lair:1   | Gained mutation: Your muscles are strong. (Str +2) [potion of beneficial mutation]
 11034 | Lair:1   | Received a gift from Trog
 11283 | Lair:1   | Reached skill level 1 in Evocations
 11564 | Lair:2   | Noticed Harold
 11582 | Lair:2   | Killed Harold
 11961 | Lair:2   | Noticed a four-headed hydra
 11964 | Lair:2   | Noticed a death yak
 11964 | Lair:2   | Noticed a death yak
 11965 | Lair:2   | Noticed a death yak
 11975 | Lair:2   | Killed a four-headed hydra
 11975 | Lair:2   | Reached skill level 15 in Fighting
 11975 | Lair:2   | Reached XP level 13. HP: 113/126 MP: 13/13
 11994 | Lair:2   | Reached skill level 15 in Polearms
 12148 | Lair:2   | Gained mutation: Your magical capacity is low (-10% MP). [potion of mutation]
 12148 | Lair:2   | Gained mutation: You are frail (-10% HP). [potion of mutation]
 12234 | Lair:1   | Gained mutation: You tend to lose your temper in combat. [potion of mutation]
 12234 | Lair:1   | Gained mutation: You have very sharp teeth. [potion of mutation]
 12661 | Lair:3   | Reached XP level 14. HP: 121/121 MP: 12/16
 12662 | Lair:3   | Reached XP level 15. HP: 126/126 MP: 12/18
 13121 | Lair:3   | Reached skill level 10 in Evocations
 13160 | Lair:3   | Received a gift from Trog
 14263 | Lair:4   | Lost mutation: Your magical capacity is low (-10% MP). [potion of mutation]
 14263 | Lair:4   | Gained mutation: You are agile. (Dex +2) [potion of mutation]
 14416 | Lair:4   | Found a hole to the Spider Nest.
 14455 | Lair:4   | Found a staircase to the Shoals.
 14865 | Lair:5   | Reached ****** piety under Trog
 14865 | Lair:5   | Received a gift from Trog
 15151 | Lair:5   | Reached skill level 16 in Polearms
 16399 | Lair:6   | Received a gift from Trog
 16683 | Lair:7   | Noticed Kirke
 16730 | Lair:7   | Killed Kirke
 17044 | Lair:7   | Found a labyrinth entrance.
 17055 | Lab      | Entered a labyrinth
 17829 | Lab      | Reached XP level 16. HP: 128/138 MP: 23/23
 17847 | Lab      | Got a translucent granite ring
 17876 | Lair:7   | Identified the ring "Ybruv" {rN+ MP+9 Int+3 Stlth-} (You found it in a labyrinth)
 18517 | Orc:1    | Entered Level 1 of the Orcish Mines
 18566 | Orc:2    | Entered Level 2 of the Orcish Mines
 18647 | Orc:2    | Found a staircase to the Elven Halls.
 18674 | Orc:1    | Received a gift from Trog
 18777 | Orc:1    | Found Vimno's General Store.
 18778 | Orc:1    | Noticed Fannar
 18797 | Orc:1    | Killed Fannar
 18878 | Orc:1    | Found a roughly hewn altar of Beogh.
 19120 | Orc:2    | Reached skill level 17 in Polearms
 19704 | Orc:2    | Found Pooheir's Antique Weapon Shop.
 19704 | Orc:2    | Found Jomej's Gadget Emporium.
 19739 | Orc:2    | Found a roughly hewn altar of Beogh.
 19759 | Orc:2    | Found Dahel's Assorted Antiques.
 19829 | Orc:2    | Found Archits's Armour Emporium.
 20357 | D:12     | Noticed Sonja
 20372 | D:12     | Killed Sonja
 20732 | D:12     | Lost mutation: You are occasionally teleported next to monsters. [potion of mutation]
 20924 | D:12     | Found Xabaa's Distillery.
 21475 | D:13     | Reached skill level 18 in Polearms
 21519 | D:13     | Found a gate to the Vaults.
 21925 | D:13     | Found a shimmering altar of Xom.
 23019 | D:14     | Gained mutation: Your muscles are very strong. (Str +4) [mutagenic meat]
 23020 | D:14     | Gained mutation: You are partially covered in thin metallic scales (AC +2). [mutagenic meat]
 23022 | D:14     | Gained mutation: You occasionally shout uncontrollably at your foes. [mutagenic meat]
 23046 | D:14     | Found a sparkling altar of Nemelex Xobeh.
 23163 | D:14     | Reached skill level 19 in Polearms
 23174 | D:14     | Gained mutation: Your spells are easier to cast, but less powerful. [mutagenic meat]
 23175 | D:14     | Gained mutation: You have a pair of large horns on your head. [mutagenic meat]
 23176 | D:14     | Gained mutation: You expend magic power (3 MP) to strengthen your wands. [mutagenic meat]
 23178 | D:14     | Lost mutation: You have a pair of large horns on your head. [mutagenic meat]
 23215 | D:14     | Lost mutation: You expend magic power (3 MP) to strengthen your wands. [potion of mutation]
 23216 | D:14     | Gained mutation: You sometimes yell uncontrollably at your foes. [potion of mutation]
 23216 | D:14     | Lost mutation: You are agile. (Dex +2) [potion of mutation]
 23289 | D:14     | Gained mutation: You can translocate small distances at will. [mutagenic meat]
 23291 | D:14     | Lost mutation: You sometimes yell uncontrollably at your foes. [mutagenic meat]
 24255 | D:15     | Entered Level 15 of the Dungeon
 24693 | D:15     | Lost mutation: You tend to lose your temper in combat. [potion of mutation]
 24693 | D:15     | Gained mutation: You are agile. (Dex +2) [potion of mutation]
 24927 | D:15     | Noticed Roxanne
 25516 | Lair:8   | Entered Level 8 of the Lair of Beasts
 25541 | Lair:7   | Reached XP level 17. HP: 88/149 MP: 24/24
 25919 | Lair:8   | Noticed Snorg
 26204 | Lair:8   | Killed Snorg
 26550 | Lair:8   | Reached skill level 20 in Polearms
 26555 | Lair:8   | Got a sheer robe
 26783 | Lair:8   | Identified the +0 robe "Oleso" {-Cast rPois Stlth+} (You found it on level 8 of the Lair of Beasts)
 27032 | Lair:8   | Received a gift from Trog
 27495 | Spider:1 | Entered Level 1 of the Spider Nest
 28290 | Spider:1 | Reached skill level 5 in Dodging
 28910 | Spider:1 | Reached skill level 21 in Polearms
 29197 | Spider:2 | Received a gift from Trog
 29819 | Spider:2 | Noticed Azrael
 29823 | Spider:2 | Killed Azrael
 29848 | Spider:2 | Noticed Agnes
 29854 | Spider:2 | Killed Agnes
 30223 | Spider:2 | Noticed Asterion
 30233 | Spider:2 | Received a gift from Trog
 30236 | Spider:2 | Killed Asterion
 30530 | Spider:2 | Reached XP level 18. HP: 136/155 MP: 26/26
 31675 | Spider:3 | Reached skill level 10 in Dodging
 31677 | Spider:3 | Received a gift from Trog
 32310 | Spider:4 | Entered Level 4 of the Spider Nest
 32317 | Spider:4 | Noticed Arachne
 32587 | Spider:3 | Lost mutation: You are frail (-10% HP). [mutagenic meat]
 32759 | Spider:4 | Killed Arachne
 33097 | Spider:3 | Received a gift from Trog
 33382 | Spider:4 | Gained mutation: You are resistant to hostile enchantments. [mutagenic meat]
 34300 | Spider:4 | Received a gift from Trog
 34721 | Spider:4 | Got a gossamer rune of Zot
 34950 | Shoals:1 | Entered Level 1 of the Shoals
 35075 | Shoals:2 | Reached XP level 19. HP: 157/181 MP: 28/28
 35120 | Shoals:3 | Received a gift from Trog
 35410 | Shoals:3 | Reached skill level 15 in Armour
 35551 | Shoals:4 | Entered Level 4 of the Shoals
 35671 | Shoals:4 | Noticed Ilsuiw
 35698 | Shoals:4 | Cast into level 2 of the Abyss (merfolk javelineer)
 35698 | Abyss:2  | Found a corrupted altar of Lugonu.
 35837 | Abyss:2  | HP: 8/181 [balrug/demon whip of pain (22)]
 35865 | Abyss:2  | Noticed a bone dragon
 35883 | Shoals:4 | Escaped the Abyss
 36898 | Shoals:3 | Found Anakhuas's Food Shoppe.
 36931 | Shoals:3 | HP: 4/181 [drowned by a water nymph (12)]
 36933 | Shoals:3 | Drowned by a water nymph

Skill      XL: |  1  2  3  4  5  6  7  8  9 10 11 12 13 14 15 16 17 18 19 |
---------------+----------------------------------------------------------+-----
Fighting       | 4 5 6 7 8 10 12 13 15 16 18 | 18.6
Polearms       | 4 5 6 7 9 10 11 13 14 15 16 19 21 | 21.7
Armour         | 3 4 5 6 8 10 11 13 14 15 | 15.6
Evocations     | 2 7 9 11 12 14 | 14.5
Dodging        | 8 12 | 12.6

Action                   |  1- 3 |  4- 6 |  7- 9 | 10-12 | 13-15 | 16-18 | 19-21 || total
-------------------------+-------+-------+-------+-------+-------+-------+-------++-------
Melee: Spear             |    98 |    63 |    57 |       |       |       |       ||   218
       Headbutt          |    11 |    11 |    66 |   211 |   237 |   528 |    57 ||  1121
       Trident           |       |       |   390 |   933 |   904 |  1025 |       ||  3252
       Bite              |       |       |       |       |   135 |   299 |    23 ||   457
       Glaive            |       |       |       |       |       |  1098 |   241 ||  1339
Invok: Trog's Hand       |     1 |     1 |     4 |    18 |     2 |    24 |     8 ||    58
       Berserk           |     1 |       |     4 |     8 |     1 |     3 |       ||    17
       Brothers in Arms  |       |       |       |     9 |     1 |     8 |     5 ||    23
Evoke: Wand              |       |       |       |       |       |    44 |     3 ||    47
  Use: Scroll            |       |       |    21 |    11 |     4 |    10 |     3 ||    49
       Potion            |       |       |       |     6 |     6 |    20 |     7 ||    39
 Stab: Distracted        |       |       |       |     1 |     2 |     1 |       ||     4
  Eat: Chunk             |       |     3 |    34 |    42 |    26 |    91 |       ||   196
       Meat ration       |       |       |       |       |     1 |     1 |     2 ||     4
       Royal jelly       |       |       |       |       |     1 |       |       ||     1
Armor: Chain mail        |    31 |    27 |   132 |   418 |   198 |       |       ||   806
       Animal skin       |     2 |       |       |       |       |       |       ||     2
       Plate armour      |       |       |       |       |   177 |  1301 |   170 ||  1648
Dodge: Dodged            |    24 |    13 |   115 |   306 |   286 |  1008 |   175 ||  1927
Block: Other             |       |       |       |       |       |    27 |    11 ||    38
       Reflection        |       |       |       |       |       |     2 |     1 ||     3
